 Dungeon Crawl Stone Soup version 0.22.0-6-g71bd7aa6b3 (webtiles) character file.

909 Htamos the Sneak (level 7, -1/35 HPs)
             Began as a Spriggan Summoner on Aug 14, 2018.
             Was an Initiate of Sif Muna.
             Shot with an arrow by a centaur (6 damage)
             ... on level 7 of the Dungeon.
             The game lasted 00:18:34 (7831 turns).

Htamos the Sneak (Spriggan Summoner)                Turns: 7831, Time: 00:18:35

Health: -1/35      AC:  2    Str:  4    XL:     7   Next: 81%
Magic:  14/14      EV: 20    Int: 18    God:    Sif Muna [......]
Gold:   569        SH:  7    Dex: 17    Spells: 5/14 levels left

rFire    + . .     SeeInvis +   k - +1 dagger (distort)
rCold    . . .     Gourm    .   r - +1 buckler
rNeg     . . .     Faith    .   a - +0 robe
rPois    .         Spirit   .   (helmet restricted)
rElec    .         Reflect  .   (no cloak)
rCorr    .         Harm     .   (gloves unavailable)
MR       +....                  (boots unavailable)
Stlth    +++.......             (no amulet)
HPRegen  0.11/turn              j - ring of see invisible
MPRegen  0.14/turn              m - ring of protection from fire

@: very quick
A: very small, unfitting armour, see invisible, herbivore, speed 3, slow
metabolism 2
a: Renounce Religion


You were on level 7 of the Dungeon.
You worshipped Sif Muna.
Sif Muna was noncommittal.
You were very hungry.

You visited 2 branches of the dungeon, and saw 8 of its levels.

You collected 569 gold pieces.

Inventory:

Hand Weapons
 b - a +0 short sword
 e - a +0 flail of holy wrath
 i - a +0 mace
 k - a +1 dagger of distortion (weapon)
Missiles
 d - 228 stones
 f - 51 arrows
 x - 7 tomahawks (quivered)
Armour
 a - a +0 robe (worn)
 r - a +1 buckler (worn)
Jewellery
 j - a ring of see invisible (left hand)
 m - a ring of protection from fire (right hand)
 q - an uncursed ring of protection from cold {unknown}
 w - a cursed ring of attention {unknown}
Scrolls
 g - 3 scrolls of remove curse
 p - a scroll of fear
 s - 7 scrolls of identify
Potions
 h - 2 potions of degeneration {unknown}
 l - 2 potions of lignification {unknown}
 n - 4 potions of curing
 o - a potion of resistance {unknown}
 t - 3 potions of brilliance {unknown}
 u - 2 potions of might {unknown}
 v - a potion of haste {unknown}
 z - 2 potions of ambrosia {unknown}
Comestibles
 c - 14 rations


   Skills:
 + Level 2.5 Fighting
 + Level 3.0 Short Blades
 + Level 5.3 Dodging
 + Level 5.8 Stealth
 + Level 1.7 Shields
 + Level 4.4 Spellcasting
 * Level 5.0 Summonings


You had 5 spell levels left.
You knew the following spells:

 Your Spells              Type           Power        Failure   Level  Hunger
a - Summon Small Mammal   Summ           ###.         2%          1    None
b - Call Imp              Summ           ###.....     3%          2    #......
c - Call Canine Familiar  Summ           ###.....     8%          3    ###....
d - Summon Guardian Gole  Hex/Summ       ##......     22%         3    ###....

Your spell library contained the following spells:

 Spells                   Type           Power        Failure   Level  Hunger
 Apportation              Tloc           #.....       21%         1    None
 Animate Skeleton         Necr           N/A          21%         1    None
 Summon Ice Beast         Ice/Summ       ##......     58%         4    ####...
 Confusing Touch          Hex            #.....       21%         1    None
 Summon Lightning Spire   Summ/Air       ##......     58%         4    ####...


Dungeon Overview and Level Annotations

Branches:
Dungeon (7/15)             Temple (1/1) D:6

Altars:
Ashenzari
Cheibriados
Dithmenos
Elyvilon
Fedhas
Hepliaklqana
Kikubaaqudgha
Makhleb
Okawaru
Qazlal
Ru
Sif Muna
Trog
Uskayaw
Vehumet
Wu Jian
Xom
Yredelemnul
Zin
The Shining One

Shops:
D:5 (


Innate Abilities, Weirdness & Mutations

You are very small and have problems with some larger weapons.
You are too small for most types of armour.
You have supernaturally acute eyesight. (SInv)
You are a herbivore.
You cover ground extremely quickly.
You need to consume almost no food.


Message History

You kill the howler monkey!
Sif Muna accepts your kill.
Your Short Blades skill increases to level 3!
You hit the giant cockroach but do no damage.
Space warps horribly around the giant cockroach!
You kill the giant cockroach!
Sif Muna accepts your kill.
A centaur comes into view.
The centaur barely misses you.
You hit the centaur but do no damage.
The centaur blinks!
The centaur wields a shortbow.
The centaur shoots an arrow.
The arrow hits you!
The centaur shoots an arrow.
The arrow hits you!
* * * LOW HITPOINT WARNING * * *
The centaur shoots an arrow.
You block the arrow.
The centaur shoots an arrow.
The arrow completely misses you.
A bullfrog comes into view.
The centaur shoots an arrow.
The arrow hits you.
* * * LOW HITPOINT WARNING * * *
The centaur shoots an arrow.
The arrow hits you.
You die...

### ##.### ##....#
###.....#####
#...........###.#
###.#.............#
#.@.##...####.#####
###.#.###.## #.#
##.........#
#.#####
####..###.###..
#...... #....##
....##.. #######
#...## ..#.F ..
#(.## ..##..#
####.c# .# #..
#.....# ..


You could see a centaur.

Vanquished Creatures
  A sky beast (D:5)
  A centaur (D:7)
  A gnoll sergeant (D:6)
  A scorpion (D:5)
  A howler monkey (D:7)
  2 hounds
  An orc priest (D:6)
  A jelly (D:6)
  An orc wizard (D:6)
  A worker ant (D:5)
  3 gnolls
  8 adders
  An adder skeleton (D:5)
  2 worms
  A leopard gecko (D:4)
  4 orcs
  6 giant cockroaches
  6 hobgoblins
  9 jackals
  6 kobolds
  3 quokkas
  A ball python (D:4)
  14 bats
  4 frilled lizards
  5 goblins
  4 rats
88 creatures vanquished.

Vanquished Creatures (collateral kills)
  An orc warrior (D:6)
  An ogre (D:4)
  Blork the orc (D:5)
  7 gnolls
  An adder (D:2)
  2 dart slugs
  2 orcs
  A goblin (D:1)
  A hobgoblin (D:1)
  2 kobolds (D:1)
  A rat (D:1)
20 creatures vanquished.

Vanquished Creatures (others)
  A crimson imp (D:6)
  A gnoll (D:6)
  A worker ant zombie (D:5)
  2 adders
  A jackal (D:5)
  2 quokkas
  2 kobolds (D:2)
10 creatures vanquished.

Grand Total: 118 creatures vanquished

Notes
Turn   | Place    | Note
-------+----------+-------------------------------------------
     0 | D:1      | Htamos the Spriggan Summoner began the quest for the Orb.
     0 | D:1      | Reached XP level 1. HP: 9/9 MP: 5/5
   329 | D:1      | Reached XP level 2. HP: 9/13 MP: 3/6
  1014 | D:2      | Reached XP level 3. HP: 17/17 MP: 8/8
  1138 | D:2      | Reached skill level 1 in Short Blades
  1361 | D:2      | Reached skill level 1 in Fighting
  1473 | D:2      | Reached XP level 4. HP: 12/22 MP: 9/9
  1851 | D:2      | Found a bloodstained altar of Trog.
  2061 | D:2      | Found a blossoming altar of Fedhas.
  2440 | D:3      | Reached XP level 5. HP: 20/25 MP: 7/10
  2605 | D:3      | Found a basalt altar of Yredelemnul.
  2922 | D:3      | Learned a level 2 spell: Call Imp
  2926 | D:3      | Learned a level 3 spell: Call Canine Familiar
  2930 | D:3      | Learned a level 3 spell: Summon Guardian Golem
  2994 | D:4      | Noticed an ogre
  3033 | D:4      | Killed an ogre
  3038 | D:4      | Found a stormy altar of Qazlal.
  3152 | D:4      | Noticed an air elemental
  3154 | D:4      | Noticed a fire elemental
  3154 | D:4      | Noticed a water elemental
  3578 | D:5      | Entered Level 5 of the Dungeon
  3722 | D:5      | Found Ethrinent's Weapon Boutique.
  3810 | D:5      | Reached XP level 6. HP: 22/30 MP: 12/12
  3982 | D:5      | Noticed a sky beast
  4001 | D:5      | Killed a sky beast
  4001 | D:5      | Reached skill level 1 in Shields
  4215 | D:5      | Noticed Blork the orc
  4244 | D:5      | Killed Blork the orc
  4244 | D:5      | Reached skill level 5 in Stealth
  4335 | D:5      | Found a deep blue altar of Sif Muna.
  4392 | D:5      | Found a hazy altar of Hepliaklqana.
  4788 | D:6      | Noticed an angel
  4793 | D:6      | Found a shimmering altar of Xom.
  4793 | D:6      | Found a glowing silver altar of Zin.
  4950 | D:6      | Reached XP level 7. HP: 35/35 MP: 13/13
  5022 | D:6      | Found a staircase to the Ecumenical Temple.
  5036 | Temple   | Entered the Ecumenical Temple
  5087 | Temple   | Became a worshipper of Sif Muna the Loreminder
  5582 | D:6      | Found a radiant altar of Vehumet.
  5583 | D:6      | Found a burning altar of Makhleb.
  5705 | D:6      | Found a shattered altar of Ashenzari.
  5980 | D:6      | Reached skill level 5 in Dodging
  6481 | D:6      | Found a staircase to the Ecumenical Temple.
  6494 | D:6      | Found a radiant altar of Vehumet.
  6496 | D:6      | Found a burning altar of Makhleb.
  7140 | D:6      | Found a shattered altar of Ashenzari.
  7295 | D:6      | Found a glowing silver altar of Zin.
  7297 | D:6      | Found a shimmering altar of Xom.
  7701 | D:7      | Reached skill level 5 in Summonings
  7831 | D:7      | Shot with an arrow by a centaur

Skill      XL: |  1  2  3  4  5  6  7 |
---------------+----------------------+-----
Spellcasting   | 3 4 |  4.4
Short Blades   | 1 2 3 |  3.0
Fighting       | 1 2 |  2.5
Stealth        | 4 5 |  5.8
Dodging        | 4 5 |  5.3
Summonings     | 4 5 |  5.0
Shields        | 1 |  1.7

Action                   |  1- 3 |  4- 6 |  7- 9 || total
-------------------------+-------+-------+-------++-------
Melee: Short sword       |    23 |       |       ||    23
       Unarmed           |     2 |       |       ||     2
       Dagger            |    82 |   141 |    61 ||   284
Throw: Tomahawk          |       |       |     7 ||     7
       Stone             |       |       |     3 ||     3
 Cast: Summon Small Mamm |     6 |    28 |     9 ||    43
       Call Imp          |       |     4 |     2 ||     6
       Call Canine Famil |       |     1 |     4 ||     5
       Summon Guardian G |       |     1 |     1 ||     2
  Use: Scroll            |     4 |     7 |       ||    11
 Stab: Sleeping          |     4 |    10 |     3 ||    17
       Distracted        |       |       |     1 ||     1
  Eat: Ration            |       |       |     2 ||     2
Armor: Robe              |     8 |     6 |     1 ||    15
Dodge: Dodged            |    85 |    76 |    46 ||   207
Block: Buckler           |       |    31 |    16 ||    47
